 Dungeon Crawl Stone Soup version 0.27.1 (console) character file.

Game seed: 11035127770513078614

225 Banquo the Cutter (level 6, 0/46 HPs)
             Began as a Djinni Gladiator on Sept 2, 2021.
             Slain by Menkaure (19 damage)
             ... on level 4 of the Dungeon.
             The game lasted 00:07:25 (3019 turns).

Banquo the Cutter (Djinni Gladiator)                Turns: 3019, Time: 00:07:25

Health: 0/46       AC:  4    Str: 13    XL:     6   Next: 21%
Gold:   182        EV: 12    Int: 11    God:
                   SH:  0    Dex: 15

rFire    + + .     SeeInvis .   b - +3 dagger (venom)
rCold    x . .     Faith    .   (no shield)
rNeg     . . .     Spirit   .   h - +0 leather armour
rPois    ∞         Reflect  .   c - +0 helmet
rElec    .         Harm     .   (no cloak)
rCorr    .         Rampage  .   (no gloves)
Will     .....                  (boots unavailable)
Stlth    +.........             (no amulet)
HPRegen  0.15/turn              (no ring)
MPRegen  0.00/turn              (no ring)

@: flying
A: sickness immunity, fire resistance 2, cold vulnerability 1, float, innate
caster, hp casting, extra vitality 1
a: no special abilities


You were on level 4 of the Dungeon.
You visited 1 branch of the dungeon, and saw 4 of its levels.

You collected 182 gold pieces.

Inventory:

Hand Weapons
 a - a +0 rapier
 b - a +3 dagger of venom (weapon)
 i - a +2 vorpal hand axe
 m - a +0 spear
 r - a +0 trident
Missiles
 d - 3 throwing nets (quivered)
 e - 130 stones
 l - 17 sling bullets
Armour
 c - a +0 helmet (worn)
 h - a +0 leather armour (worn)
Wands
 p - a wand of flame (18)
 q - a wand of charming (5)
 t - a wand of digging (2)
Scrolls
 n - a scroll of acquirement {unknown}
 o - a scroll of blinking {unknown}
 s - a scroll of amnesia {unknown}
Potions
 f - 3 potions of degeneration
 g - a potion of curing
 j - 3 potions of flight
 k - a potion of haste {unknown}


   Skills:
 + Level 3.2 Fighting
 + Level 4.5 Short Blades
 - Level 1.5 Throwing
 - Level 3.2 Dodging
 + Level 1.0 Stealth
 * Level 1.7 Spellcasting


You had 5 spell levels left.
You knew the following spells:

 Your Spells              Type           Power      Damage    Failure   Level
a - Sandblast             Erth           8%         2d5       19%         1
z - Poisonous Vapours     Pois/Air       8%         N/A       28%         2
Your spell library was empty.

Dungeon Overview and Level Annotations

Branches:
Dungeon (4/15)
 Temple: D:4-7

Altars:
Dithmenos

Annotations:
D:1 rock vault
D:4 Menkaure


Innate Abilities, Weirdness & Mutations

You are immune to sickness and miasma.
You are immune to poison.
Your flesh is very heat resistant. (rF++)
You are vulnerable to cold. (rC-)
You float through the air rather than walking.
You learn spells naturally, not from books.
Your magical power is your life essence.
You have superior vitality. (+4 HP)


Message History

There is an escape hatch in the ceiling here.
t - a wand of digging (2)
There is an escape hatch in the ceiling here.
A mysterious force pulls you upwards. The hatch slams shut behind you.
(D) Dungeon
Where to? (Enter - D:3 @ (x,y), ? - help)
There is a stone staircase leading down here.
You fly downwards.
There is a stone staircase leading up here.
There is an open door here.
You reach down and open the door.
As you open the door, it creaks loudly!
Menkaure, Prince of Dust comes into view.
Menkaure shouts!
Found 17 gold pieces.
There is an open door here.
Menkaure hits you!!
You hit Menkaure but do no damage. Menkaure hits you!
You hit Menkaure.
Menkaure is lightly damaged.
You hit Menkaure.
Menkaure is lightly damaged.
Menkaure closely misses you.
You completely miss Menkaure.
Menkaure is lightly damaged.
You hit Menkaure.
Menkaure is moderately damaged.
Menkaure closely misses you.
You completely miss Menkaure.
Menkaure is moderately damaged.
Menkaure closely misses you.
You hit Menkaure.
Menkaure is heavily damaged.
You hit Menkaure.
Menkaure is severely damaged.
Menkaure closely misses you.
You hit Menkaure.
Menkaure is severely damaged.
Menkaure hits you!!
You die...

#............#.####.##.......
####....####.#.# #.##.......
#....##...#.####..#....###
####<.'..^+...............
####...#######..###.###
#...'..............'
#.(.########.###.### ###'####
#.###.# # #$@...# #..##.# #
#.M...# ##.##.# # #.....# #..#.#
# #.....# ##.#.# # ##+###+####
##+##########.#.### ..........#
#...........#..†... ..........#
#...........#...... ..........+
+...........#......
..........#####...........#..)...


You could see Menkaure.

Vanquished Creatures
  A scorpion (D:4)
  A bullfrog skeleton (D:4)
  4 gnolls
  An adder (D:2)
  2 worms (D:2)
  4 dart slugs
  An orc (D:3)
  6 endoplasms
  A giant cockroach (D:1)
  6 goblins
  7 hobgoblins
  4 jackals (D:1)
  8 quokkas
  6 ball pythons
  6 bats
  4 frilled lizards
  5 kobolds
  10 rats
77 creatures vanquished.

Notes
Turn   | Place    | Note
-------+----------+-------------------------------------------
     0 | D:1      | Banquo the Djinni Gladiator began the quest for the Orb.
     0 | D:1      | Reached XP level 1. HP: 18/18 MP: 0/0
   214 | D:1      | Reached XP level 2. HP: 21/23 MP: 0/0
   246 | D:1      | Reached skill level 3 in Short Blades
   599 | D:1      | Reached XP level 3. HP: 23/28 MP: 0/0
   599 | D:1      | Learned a level 1 spell: Sandblast
   716 | D:1      | Reached skill level 1 in Spellcasting
  1408 | D:2      | Reached XP level 4. HP: 34/34 MP: 0/0
  1531 | D:2      | Found a faded altar of an unknown god.
  1889 | D:3      | Reached XP level 5. HP: 30/40 MP: 0/0
  1889 | D:3      | Learned a level 2 spell: Poisonous Vapours
  1946 | D:3      | Reached skill level 4 in Short Blades
  2594 | D:4      | Found a shadowy altar of Dithmenos.
  2654 | D:4      | Noticed an ice beast
  2894 | D:4      | Reached XP level 6. HP: 42/46 MP: 0/0
  2901 | D:4      | Reached skill level 1 in Stealth
  3008 | D:4      | Noticed Menkaure
  3019 | D:4      | Slain by Menkaure

Illustrated notes

Levels and vault maps discovered:
D:1:      nzn_arrival_depleted_hourglass, layout_rooms, grunt_decor_arrowhead,
          minmay_tree_intersection, st_stairs_11, minivault_25,
          due_unseen_surprise
D:2:      layout_rooms, shapermc_ecumenical_altar_rom_forum
D:3:      layout_rooms, minmay_misc_feat_rows
D:4:      layout_basic, grunt_dithmenos_smoke_and_mirrors, uniq_menkaure

Skill      XL: |  1  2  3  4  5  6 |
---------------+-------------------+-----
Short Blades   | 3 4 |  4.5
Spellcasting   | 1 |  1.7
Fighting       | 3 |  3.2
Stealth        | 1 |  1.0
Throwing       | |  1.5
Dodging        | |  3.2

Action                   |  1- 3 |  4- 6 || total
-------------------------+-------+-------++-------
Melee: Rapier            |    49 |       ||    49
       Dagger            |    65 |   111 ||   176
  Use: Scroll            |     1 |     5 ||     6
 Stab: Sleeping          |       |     2 ||     2
Armor: Leather armour    |    35 |    18 ||    53
Dodge: Dodged            |    80 |    57 ||   137
